 Dungeon Crawl Stone Soup version 0.30-a0-469-g84de5afbc5 (webtiles) character file.

Game seed: 5777701734133412032

8701 bmack86 the Severer (level 11, -4/95 HPs)
             Began as a Minotaur Fighter on Dec 19, 2022.
             Was an Initiate of Gozag.
             Slain by Snorg (12 damage)
             ... on level 10 of the Dungeon.
             The game lasted 00:29:20 (8110 turns).

bmack86 the Severer (Minotaur Fighter)              Turns: 8110, Time: 00:29:20

Health: -4/95      AC: 27    Str: 26    XL:     11   Next: 13%
Magic:  10/10      EV:  8    Int: 11    God:    Gozag
Gold:   716        SH:  5    Dex: 15    Spells: 10/10 levels left

rFire   + . .      SeeInvis +    A - +3 battleaxe (drain)
rCold   x . .      Faith    .    (shield currently unavailable)
rNeg    . . .      Spirit   .    i - +10 plate armour {ponderous}
rPois   .          Reflect  +    (helmet restricted)
rElec   .          Harm     .    (no cloak)
rCorr   .          Rampage  .    (no gloves)
Will    .....                    n - +2 pair of boots
Stlth   ..........               k - amulet of reflection
HPRegen 0.35/turn                I - +6 ring of dexterity
MPRegen 0.12/turn                H - ring of Stoicism {Fire Fly Int+6 SInv}

@: about to teleport, gold aura, flying, slow
A: horns 2, retaliatory headbutt
a: Renounce Religion, Potion Petition, Call Merchant, Bribe Branch


You were on level 10 of the Dungeon.
You worshipped Gozag.
Gozag was pleased with you.
You visited 1 branch of the dungeon, and saw 10 of its levels.
You also visited: Sewer and Bailey.

You collected 2727 gold pieces.
You spent 1303 gold pieces at shops.
You paid 708 gold pieces to Gozag.

Inventory:

Hand Weapons
 a - a +0 war axe
 v - a +2 war axe of venom
 A - a +3 battleaxe of draining (weapon)
Missiles
 f - 8 atropa-tipped darts (quivered)
 p - 28 poisoned darts
 r - a throwing net
 F - 8 datura-tipped darts
Armour
 b - a +0 scale mail
 c - a +0 buckler
 i - a +10 plate armour of ponderousness (worn)
 n - a +2 pair of boots (worn)
Jewellery
 k - an amulet of reflection (around neck)
 t - a +4 ring of protection
 H - the ring of Stoicism (right hand) {Fire Fly Int+6 SInv}
   (You bought it in a shop on level 8 of the Dungeon)

   [ring of fire]

   It enhances your fire magic.
   Int:       It affects your intelligence (+6).
   rF:        It protects you from fire.
   rC:        It makes you vulnerable to cold.
   SInv:      It lets you see invisible.
   Fly:       It grants you flight.
 I - a +6 ring of dexterity (left hand)
 K - a ring of wizardry
Wands
 q - a wand of polymorph (9)
 u - a wand of flame (43)
 x - a wand of mindburst (4)
 J - a wand of roots (7)
Scrolls
 j - 2 scrolls of fog
 y - a scroll of fear
 z - 2 scrolls of torment
 B - 2 scrolls of noise
 C - 2 scrolls of teleportation
 L - a scroll of blinking
Potions
 d - 2 potions of haste
 e - 4 potions of curing
 g - 2 potions of degeneration
 h - 4 potions of mutation
 l - a potion of might
 m - 2 potions of resistance
 o - 4 potions of invisibility
 s - a potion of brilliance {unknown}
 w - a potion of attraction {unknown}
Miscellaneous
 D - a box of beasts
 E - a box of beasts
 G - a piece from Xom's chessboard (15/15)


   Skills:
 + Level 8.7 Fighting
 + Level 15.0 Axes
 + Level 9.5 Armour
 + Level 0.6 Dodging
 + Level 2.2 Stealth
 + Level 8.2 Shields


You had 10 spell levels left.
You didn't know any spells.
Your spell library contained the following spells:

 Spells                   Type           Power      Damage    Failure   Level
 Sandblast                Erth           0%         2d4       98%         1
 Summon Small Mammal      Summ           0%         N/A       98%         1
 Passwall                 Tmut/Erth      0%         N/A       99%         2
 Call Canine Familiar     Summ           0%         N/A       100%        3
 Portal Projectile        Hex/Tloc       0%         N/A       100%        3
 Stone Arrow              Conj/Erth      0%         3d7       100%        3
 Summon Guardian Golem    Hex/Summ       0%         N/A       100%        3
 Leda's Liquefaction      Hex/Erth       0%         N/A       100%        4
 Manifold Assault         Tloc           0%         N/A       100%        4
 Dispersal                Tloc           0%         N/A       100%        6
 Disjunction              Tloc           0%         N/A       100%        8


Dungeon Overview and Level Annotations

Branches:
Dungeon (10/15)            Temple (0/1) D:7            Lair (0/5) D:8
  Sewer (visited)          Bailey (visited)
    Orc: D:9-12

Altars:
Cheibriados
Dithmenos
Elyvilon
Fedhas
Gozag
Makhleb
Okawaru
Sif Muna
Uskayaw
Vehumet
Wu Jian
Yredelemnul
Zin
The Shining One

Shops:
D:8 =   D:9 *

Annotations:
D:10 Snorg


Innate Abilities, Weirdness & Mutations

You have a pair of horns on your head.
You reflexively headbutt those who attack you in melee.


Message History

Snorg bites you! Snorg claws you but does no damage. x2
Snorg barely misses you. Snorg claws you but does no damage.
Snorg closely misses you.
You closely miss Snorg. You headbutt Snorg!
Snorg is moderately wounded.
Snorg bites you. Snorg claws you but does no damage. x2
You slice Snorg!!
Snorg is heavily wounded.
Snorg bites you. Snorg claws you but does no damage. Snorg claws you.
Snorg bites you! Snorg completely misses you.
Snorg claws you but does no damage.
You slice Snorg!! You drain Snorg! You headbutt Snorg!
Snorg is severely wounded.
Snorg barely misses you. Snorg claws you but does no damage. x2
You hit Snorg. You drain Snorg.
Snorg is almost dead.
Snorg bites you but does no damage. Snorg claws you but does no damage.
You block Snorg's attack.
You closely miss Snorg.
Snorg is almost dead.
Snorg is distracted by your dazzling golden aura.
You barely miss Snorg.
Snorg is no longer distracted by gold.
Snorg is almost dead.
Snorg bites you. Snorg claws you. Snorg claws you!
You closely miss Snorg. You headbutt Snorg.
Snorg is almost dead.
Snorg barely misses you. You block Snorg's attack. Snorg claws you!
Snorg bites you but does no damage. Snorg claws you but does no damage.
Snorg claws you.
* * * LOW HITPOINT WARNING * * *
You feel better. Snorg bites you!
* * * LOW HITPOINT WARNING * * *
Snorg claws you but does no damage. Snorg claws you.
* * * LOW HITPOINT WARNING * * *
As you read the scroll of teleportation, it crumbles to dust.
You feel strangely unstable. Snorg bites you!
* * * LOW HITPOINT WARNING * * *
Snorg barely misses you. Snorg claws you!
You die...
Your body crumbles into a pile of gold.

#.......#.
...####.........
$
._............##
...####..######
#..# #..# $ #..#
#$.#### #@....#
#T###.# #Y# #


YYY .Y. #..#. #.... #..### You could see Snorg (berserk, drained) and 5 yaks.

Vanquished Creatures
  2 two-headed ogres
  Pikel (D:7)
  Joseph (D:7)
  A rime drake (D:8)
  A troll (D:9)
  Sigmund (D:6)
  A shadow (D:8)
  2 wyverns
  6 yaks
  A wraith (D:10)
  2 steam dragons
  4 water moccasins
  6 orc warriors
  7 ice beasts
  2 black bears
  A centaur (D:8)
  An ogre (D:5)
  2 wolves (D:8)
  3 lemures (D:7)
  A phantom (D:6)
  4 kobold brigands (Bailey)
  7 bullfrogs
  A necrophage (D:6)
  A gnoll sergeant (D:9)
  4 wights
  3 killer bees (D:7)
  3 hounds
  4 jellies
  6 orc priests
  9 orc wizards
  4 iguanas
  Natasha (D:3)
  7 adders
  10 gnolls
  A river rat (D:3)
  A shadow imp (D:6)
  A white imp (D:8)
  2 dart slugs
  36 orcs
  4 bats
  9 endoplasms
  3 giant cockroaches
  9 goblins
  5 hobgoblins
  9 jackals
  30 kobolds
  3 quokkas
  17 ball pythons
  A frilled lizard (D:2)
  7 rats
248 creatures vanquished.

Vanquished Creatures (others)
  2 fungi (D:9)
  4 plants (Sewer)
  4 toadstools (D:9)
10 creatures vanquished.

Grand Total: 258 creatures vanquished

Notes
Turn   | Place    | Note
-------+----------+-------------------------------------------
     0 | D:1      | bmack86 the Minotaur Fighter began the quest for the Orb.
     0 | D:1      | Reached XP level 1. HP: 19/19 MP: 0/0
   153 | D:1      | Reached XP level 2. HP: 27/27 MP: 1/1
   454 | D:1      | Reached XP level 3. HP: 30/33 MP: 2/2
   751 | D:2      | Reached skill level 3 in Axes
  1324 | D:3      | Found a glowing drain.
  1368 | Sewer    | Entered a sewer
  1400 | Sewer    | Reached XP level 4. HP: 40/40 MP: 3/3
  1679 | D:3      | Found an opulent altar of Gozag.
  1696 | D:3      | Became a worshipper of Gozag Ym Sagoz the Greedy
  1803 | D:3      | Found a blossoming altar of Fedhas.
  1929 | D:3      | Reached skill level 4 in Axes
  1969 | D:3      | Reached XP level 5. HP: 46/46 MP: 4/4
  2061 | D:3      | Found a hide-covered altar of Uskayaw.
  2061 | D:3      | Found a basalt altar of Yredelemnul.
  2300 | D:3      | Noticed Natasha
  2303 | D:3      | Reached skill level 5 in Armour
  2306 | D:3      | Killed Natasha
  2469 | D:4      | Reached skill level 5 in Axes
  2578 | D:4      | Reached XP level 6. HP: 53/53 MP: 5/5
  2599 | D:4      | Noticed a water moccasin
  2616 | D:4      | Killed a water moccasin
  2617 | D:4      | Reached skill level 6 in Axes
  2617 | D:4      | Reached skill level 5 in Shields
  2652 | D:4      | Found a glowing golden altar of the Shining One.
  3019 | D:5      | Entered Level 5 of the Dungeon
  3024 | D:5      | Reached XP level 7. HP: 52/60 MP: 6/6
  3162 | D:5      | Reached skill level 7 in Axes
  3762 | D:5      | Reached skill level 5 in Fighting
  3827 | D:5      | Found an iron altar of Okawaru.
  3899 | D:5      | Found a white marble altar of Elyvilon.
  4229 | D:5      | Reached XP level 8. HP: 64/68 MP: 7/7
  4311 | D:6      | Reached skill level 8 in Axes
  4447 | D:6      | Noticed Sigmund
  4453 | D:6      | Killed Sigmund
  4454 | D:6      | Reached skill level 9 in Axes
  4591 | D:6      | Found a shadowy altar of Dithmenos.
  5004 | D:7      | Noticed Joseph
  5014 | D:7      | Killed Joseph
  5015 | D:7      | Reached skill level 10 in Axes
  5024 | D:7      | Reached XP level 9. HP: 75/75 MP: 8/8
  5189 | D:7      | Reached skill level 11 in Axes
  5224 | D:7      | Found a staircase to the Ecumenical Temple.
  5224 | D:7      | Noticed Pikel
  5238 | D:7      | Killed Pikel
  5239 | D:7      | Reached skill level 12 in Axes
  5355 | D:7      | Found a flagged portal.
  5419 | Bailey   | Entered a bailey
  5653 | Bailey   | Found an iron altar of Okawaru.
  5838 | D:7      | Reached XP level 10. HP: 84/86 MP: 9/9
  6312 | D:8      | Reached skill level 13 in Axes
  6338 | D:8      | Found a shimmering blue altar of Sif Muna.
  6338 | D:8      | Found an ornate altar of the Wu Jian Council.
  6340 | D:8      | Found a radiant altar of Vehumet.
  6340 | D:8      | Found a burning altar of Makhleb.
  6341 | D:8      | Found a glowing silver altar of Zin.
  6541 | D:8      | Found a staircase to the Lair.
  6841 | D:8      | Bought the ring of Stoicism {Fire Fly Int+6 SInv} for 763
                  | gold pieces
  6844 | D:8      | Bought a +6 ring of dexterity for 540 gold pieces
  6996 | D:8      | Noticed a two-headed ogre
  7003 | D:8      | Killed a two-headed ogre
  7004 | D:8      | Reached skill level 14 in Axes
  7423 | D:9      | Reached skill level 1 in Stealth
  7544 | D:9      | Found Beerhack's Changing Room.
  7546 | D:9      | Noticed a two-headed ogre
  7564 | D:9      | Killed a two-headed ogre
  7565 | D:9      | Reached XP level 11. HP: 59/95 MP: 10/10
  8016 | D:10     | Entered Level 10 of the Dungeon
  8087 | D:10     | Found a snail-covered altar of Cheibriados.
  8095 | D:10     | Noticed Snorg
  8101 | D:10     | Reached skill level 15 in Axes
  8110 | D:10     | Slain by Snorg

Illustrated notes

Levels and vault maps discovered:
D:1:      matt_arrival_grand_opening, layout_loops_ring, minmay_pentomino_x2
D:2:      layout_loops_ring, dk_noncrumbling_3
D:3:      layout_basic, overflow_temple_1_default, grunt_gozag_breadcrumbs,
          jmf_multi_god_temple, cheibrodos_sewer_entry_sluice,
          hangedman_abyss_or_decor_stabs, moated_statue, uniq_natasha
D:4:      layout_cave_pools, tso_oasis_becter
D:5:      layout_basic, okawaru_trees_1, mainiacjoe_overflow_brackets
D:6:      layout_loops_ring, mainiacjoe_overflow_catwalk, uniq_sigmund
D:7:      layout_loops_ring, minmay_temple_entry_statues_pillars,
          enter_bailey_5, kennysheep_opposing_triangles, uniq_pikel, uniq_joseph
D:8:      layout_loops_cross, grunt_temple_overflow_open,
          hellmonk_lair_entry_icy
D:9:      layout_roguey, nicolae_concentric_dashed_squares_wild,
          nicolae_transmutations_shop, dreamdust_mushroom_princess,
          minmay_gold_behind_fungi, minmay_misc_feat_roman,
          kennysheep_generic_room_14
D:10:     layout_loops_cross, nicolae_overflow_crystal_walls,
          chequers_serial_rivers_micro_e, uniq_snorg

Skill      XL: |  1  2  3  4  5  6  7  8  9 10 11 |
---------------+----------------------------------+-----
Armour         | 4 5 6 7 9 |  9.5
Shields        | 4 5 6 7 8 |  8.2
Fighting       | 4 5 7 8 |  8.7
Axes           | 3 4 5 6 7 10 12 14 15 | 15.0
Stealth        | 2 |  2.2
Dodging        | |  0.6

Action                   |  1- 3 |  4- 6 |  7- 9 | 10-12 || total
-------------------------+-------+-------+-------+-------++-------
Melee: War axe           |    77 |   139 |   117 |       ||   333
       Headbutt          |     8 |    17 |    33 |    21 ||    79
       Battleaxe         |       |       |    66 |   125 ||   191
Throw: Dart              |     1 |       |       |       ||     1
Invok: Call Merchant     |       |       |       |     1 ||     1
  Use: Scroll            |     4 |     6 |     2 |     5 ||    17
       Potion            |     1 |       |       |     1 ||     2
 Stab: Distracted        |       |       |     1 |     1 ||     2
Armor: Scale mail        |    22 |       |       |       ||    22
       Plate armour      |    34 |   163 |   131 |   114 ||   442
Dodge: Dodged            |    38 |    53 |    58 |    45 ||   194
Block: Buckler           |    32 |    90 |    67 |       ||   189
       Reflection        |       |       |     6 |       ||     6
       Other             |       |       |    27 |    27 ||    54

Table legend: (Time is in decaauts)
 A = Elapsed time spent in this place.
 B = Non-inter-level travel time spent in this place.
 C = Inter-level travel time spent in this place.
 D = Time resting spent in this place.
 E = Time spent auto-exploring this place.
 F = Levels seen in this place.
 G = Mean time per level.
                   A        B        C        D        E       F      G
               +--------+--------+--------+--------+--------+-----+--------+
         Total |   8810 |   8591 |    219 |    580 |   5160 |  12 |  734.2 |
       Dungeon |   8076 |   7857 |    219 |    436 |   4956 |  10 |  807.6 |
         Sewer |    362 |    362 |      0 |      0 |    129 |   1 |  362.0 |
        Bailey |    371 |    371 |      0 |    144 |     75 |   1 |  371.0 |
               +--------+--------+--------+--------+--------+-----+--------+

Top non-repeatable levels by time:
     D:5: 1392 daAuts
     D:8: 1086 daAuts
     D:7: 1034 daAuts
     D:3: 940 daAuts
     D:6: 756 daAuts
     D:9: 742 daAuts
     D:1: 704 daAuts
     D:4: 664 daAuts
     D:2: 651 daAuts
  Bailey: 371 daAuts
   Sewer: 362 daAuts
    D:10: 103 daAuts
